 Dungeon Crawl Stone Soup version 0.31.0-11-ge490571c62 (webtiles) character file.

Game seed: 1130538127465421633

209 Silvore the Trooper (level 5, 0/42 HPs)
             Began as a Demonspawn Fighter on Feb 8, 2024.
             Was an Initiate of Okawaru.
             Succumbed to a water moccasin's poison
             ... on level 4 of the Dungeon on Feb 9, 2024.
             The game lasted 00:05:21 (2445 turns).

Silvore the Trooper (Demonspawn Fighter)            Turns: 2445, Time: 00:05:22

Health: 0/42       AC: 11    Str: 25    XL:     5   Next: 55%
Magic:  5/5        EV:  7    Int:  8    God:    Okawaru [......]
Gold:   154        SH:  4    Dex: 12    Spells: 4/4 levels left

rFire   . . .        a - +1 long sword
rCold   . . .        c - +0 buckler
rNeg    . . .        j - +0 plate armour
rPois   .            (no helmet)
rElec   .            (no cloak)
rCorr   .            (no gloves)
SInv    .            (no boots)
Will    +....        (no amulet) Stlth
                     f - +6 ring of strength
HPRegen 0.27/turn    (no ring)
MPRegen 0.18/turn

%: no passive effects
@: lethally poisoned (0 -> -8), enlightened, flying
A: magic regeneration, weakness stinger 1
a: Renounce Religion


You were on level 4 of the Dungeon.
You worshipped Okawaru.
Okawaru was noncommittal.
You visited 2 branches of the dungeon, and saw 5 of its levels.

You collected 154 gold pieces.

Inventory:

Hand Weapons
 a - a +1 long sword (weapon)
Armour
 b - a +0 scale mail
 c - a +0 buckler (worn)
 j - a +0 plate armour (worn)
Jewellery
 f - a +6 ring of strength (left hand)
 k - an amulet of magic regeneration
Wands
 l - a wand of iceblast (3)
Scrolls
 g - a scroll of teleportation
Potions
 d - a potion of haste {unknown}
 e - a potion of heal wounds {unknown}
 h - 2 potions of berserk rage
 i - 2 potions of mutation


   Skills:
 + Level 4.2 Fighting
 + Level 3.1 Long Blades
 + Level 3.6 Armour
 + Level 1.0 Dodging
 + Level 3.2 Shields


You had 4 spell levels left.
You didn't know any spells.
Your spell library was empty.

Dungeon Overview and Level Annotations

Branches:
Dungeon (4/15)             Temple (1/1) D:4

Altars:
Ashenzari
Cheibriados
Dithmenos
Fedhas
Gozag
Hepliaklqana
Kikubaaqudgha
Nemelex Xobeh
Okawaru
Qazlal
Ru
Sif Muna
Trog
Vehumet
Wu Jian
Xom
Yredelemnul

Shops:
D:1 =*[:[


Innate Abilities, Weirdness & Mutations

You regenerate magic rapidly.
You have a small tail.


Message History

You feel very sick.
The water moccasin bites you but does no damage.
You hit the water moccasin.
The water moccasin is moderately wounded.
You feel sick.
The water moccasin bites you but does no damage.
You block the water moccasin's attack.
You slash the water moccasin!
The water moccasin is heavily wounded.
You feel sick.
The water moccasin bites you but does no damage.
The water moccasin bites you.
You slash the water moccasin!
The water moccasin is severely wounded.
You feel sick. The water moccasin bites you.
You are lethally poisoned!
The water moccasin poisons you!
The water moccasin bites you but does no damage.
You barely miss the water moccasin.
The water moccasin is severely wounded.
You feel very sick.
The water moccasin bites you but does no damage.
The water moccasin bites you.
* * * LOW HITPOINT WARNING * * *
Unknown command.
It was a potion of enlightenment.
You feel very buoyant.
You fly up into the air.
* * * LOW HITPOINT WARNING * * *
You feel very sick. You block the water moccasin's attack.
You miss the water moccasin.
Your tail-slap misses the water moccasin.
The water moccasin is severely wounded.
* * * LOW HITPOINT WARNING * * *
You feel very sick. The water moccasin closely misses you.
The water moccasin barely misses you.
You closely miss the water moccasin.
The water moccasin is severely wounded.
You die...

#.# ..# ##
#.. ... #.#
#... #.#
#..# #.#
#...
#.##..#
##.#S.#
##.#@.#
#.###.#
#..#...#
#.#.#.##
#.#.#..
#.#.###
#.#..######
.
#.#.......#
###.
#.#.#.P.P.#
...


You could see a water moccasin.

Vanquished Creatures
  Ijyb (D:4)
  10 adders
  2 dart slugs
  2 ribbon worms
  5 orcs
  17 ball pythons
  6 bats
  4 endoplasms
  4 giant cockroaches
  4 goblins
  5 hobgoblins
  2 jackals (D:4)
  9 kobolds
  2 quokkas (D:2)
  3 frilled lizards
  4 rats
80 creatures vanquished.

Notes
Turn   | Place    | Note
-------+----------+-------------------------------------------
     0 | D:1      | Silvore the Demonspawn Fighter began the quest for the Orb.
     0 | D:1      | Reached XP level 1. HP: 18/18 MP: 1/1
   157 | D:1      | Found Ereq's Antique Armour Shop.
   211 | D:1      | Gained mutation: You have a small tail. [demonic ancestry]
   211 | D:1      | Reached XP level 2. HP: 24/24 MP: 2/2
   304 | D:1      | Found Can Sahu's Armour Shoppe.
   308 | D:1      | Found Xoxkuosem's Jewellery Shop.
   380 | D:1      | Found Efruxep's Book Boutique.
   535 | D:1      | Found Apuimn's General Store.
   830 | D:2      | Reached XP level 3. HP: 29/29 MP: 3/3
   853 | D:2      | Found a shimmering blue altar of Sif Muna.
  1437 | D:3      | Gained mutation: You regenerate magic rapidly. [demonic
                  | ancestry]
  1437 | D:3      | Reached XP level 4. HP: 33/35 MP: 4/4
  1776 | D:3      | Reached skill level 1 in Dodging
  1820 | D:3      | Reached XP level 5. HP: 40/42 MP: 5/5
  1935 | D:3      | Reached skill level 4 in Fighting
  2147 | D:4      | Noticed Ijyb
  2161 | D:4      | Killed Ijyb
  2353 | D:4      | Found a staircase to the Ecumenical Temple.
  2364 | Temple   | Entered the Ecumenical Temple
  2384 | Temple   | Became a worshipper of Warmaster Okawaru
  2435 | D:4      | Noticed a water moccasin
  2445 | D:4      | Succumbed to a water moccasin's poison

Illustrated notes

Levels and vault maps discovered:
D:1:      eino_arrival_water_cross, layout_loops_cross, serial_shops, shop,
          shop, nicolae_shop_pleasant_corner_grove,
          nicolae_shop_back_alley_shop, shop_fountains
D:2:      layout_loops_ring, basic_altar
D:3:      layout_rooms, minmay_snake_closets
D:4:      layout_loops_ring, minmay_temple_entry_trees, minmay_ruined_shrine,
          uniq_ijyb, uniq_edmund, uniq_grinder
Temple:   nicolae_temple_slightly_damp_pantheon

Skill      XL: |  1  2  3  4  5 |
---------------+----------------+-----
Armour         | 3 |  3.6
Long Blades    | 2 3 |  3.1
Shields        | 3 |  3.2
Dodging        | 1 |  1.0
Fighting       | 4 |  4.2

Action                     |  1- 3 |  4- 6 || total
---------------------------+-------+-------++-------
  Melee: Long sword        |   104 |   144 ||   248
         Tailslap          |    11 |    14 ||    25
    Use: Scroll            |     8 |     1 ||     9
         Potion            |       |     2 ||     2
 Armour: Scale mail        |    74 |       ||    74
         Plate armour      |     6 |   122 ||   128
  Dodge: Dodged            |    59 |    55 ||   114
  Block: Buckler           |    32 |    42 ||    74
